 Dungeon Crawl Stone Soup version 0.10.0-14-ga75c42d character file.

400 OctoMedic the Shooter (level 6, -5/44 HPs)
             Began as a Human Hunter on Feb 27, 2012.
             Was an Initiate of Fedhas.
             Slain by taqueso's ghost (14 damage)
             ... on Level 4 of the Dungeon.
             The game lasted 00:32:17 (3220 turns).

OctoMedic the Shooter (Human Hunter)                Turns: 3220, Time: 00:32:17

HP  -5/44        AC  5     Str 13      XL: 6   Next:  4%
MP   5/5         EV 18     Int 11      God: Fedhas [......]
Gold 204         SH  0     Dex 20      Spells:  0 memorised,  5 levels left

Res.Fire  : . . .   See Invis. : .   a - +0,+1 short sword
Res.Cold  : . . .   Warding    : . . j - +2 leather armour
Life Prot.: . . .   Conserve   : .   (no shield)
Res.Acid. : . . .   Res.Corr.  : .   (no helmet)
Res.Poison: .       Clarity    : .   (no cloak)
Res.Elec. : .       Spirit.Shd : .   (no gloves)
Sust.Abil.: . .     Stasis     : .   (no boots)
Res.Mut.  : .       Ctrl.Telep.: .   (no amulet)
Res.Rott. : .       Levitation : .   (no ring)
Saprovore : . . .   Ctrl.Flight: .   (no ring)

@: agile, slightly resistant to hostile enchantments, quite stealthy
A: no striking features
a: Renounce Religion


You were on level 4 of the Dungeon.
You worshipped Fedhas.
Fedhas was noncommittal.
You were not hungry.

You visited 1 branch of the dungeon, and saw 4 of its levels.

You collected 184 gold pieces.

Inventory:

Hand weapons
 a - a +0,+1 short sword (weapon)
 b - a +0,+1 bow
Missiles
 c - 38 +1 arrows
 e - 19 +0 arrows
 o - 5 curare-tipped +0 needles
Armour
 j - a +2 leather armour (worn)
Magical devices
 q - a wand of disintegration (9)
 r - a wand of digging (7)
Comestibles
 f - a bread ration
 i - a meat ration
 k - a honeycomb
 m - a choko
 p - 4 apricots
 s - a pear
 u - a lychee
Scrolls
 t - a scroll of detect curse
Potions
 h - a potion of heal wounds {unknown}
 l - a potion of invisibility {unknown}
 n - a potion of might {unknown}


   Skills:
 - Level 1,1 Fighting
 * Level 1,7 Short Blades
 + Level 6,5 Bows
 + Level 1,8 Armour
 + Level 3,2 Dodging
 - Level 1,3 Stealth


You had 5 spell levels left.
You didn't know any spells.

Dungeon Overview and Level Annotations

Branches:
Dungeon (4/27)
 Temple: D:4-7

Altars:
Fedhas
Nemelex Xobeh

Annotations
D:4 taqueso's ghost, average OpMo


Message History

Okay, then.
Firing (i - inventory. (,) - cycle):
e - 20 +0 arrows (quivered)
Press: ? - help, Shift-Dir - straight line, f/p - taqueso's ghost
Aim: taqueso's ghost (heavily damaged)
You shoot a +0 arrow. The +0 arrow hits taqueso's ghost.
Taqueso's ghost is heavily damaged.
Wield which item (- for none, * to show all)? (? for menu, Esc to quit)
a - a +0,+1 short sword (weapon)
You puncture taqueso's ghost.
Taqueso's ghost is severely damaged.
Taqueso's ghost hits you but does no damage.
You closely miss taqueso's ghost.
Taqueso's ghost is severely damaged.
Taqueso's ghost hits you!
* * * LOW HITPOINT WARNING * * *
Drink which item? (? for menu, Esc to quit)
You feel more agile all of a sudden.
It was a potion of agility.
Taqueso's ghost hits you!
You die...
Fedhas appreciates your contribution to the ecosystem.

### ........
.##.......#
...........##
...............
...............
...............
≈................
≈≈≈.....@....#
≈≈≈≈≈...p....#
.≈≈≈≈≈≈.......#####
.≈≈≈≈≈≈.....!......
.≈≈≈≈≈≈.........?..
≈≈≈≈≈≈≈≈.............
≈≈≈≈≈≈≈.)............
≈≈≈≈≈........(((.....
≈≈≈.................


You could see taqueso's ghost.

Vanquished Creatures
  2 worker ants
  Terence (D:2)
  4 adders
  2 adder skeletons (D:1)
  A worm (D:3)
  2 bat skeletons (D:1)
  A bat zombie (D:1)
  3 giant geckos
  A ball python (D:3)
  10 bats
  4 goblins
  12 hobgoblins
  4 jackals
  An ooze (D:3)
  A quokka (D:3)
  A ball python zombie (D:1)
  5 giant cockroaches
  3 giant newts
  A giant newt skeleton (D:1)
  A goblin skeleton (D:1)
  A hobgoblin skeleton (D:1)
  A hobgoblin zombie (D:1)
  6 kobolds
  A kobold zombie (D:1)
  2 orc skeletons (D:1)
  4 rats (D:2)
  A rat zombie (D:1)
76 creatures vanquished.

Vanquished Creatures (others)
  10 toadstools
10 creatures vanquished.

Grand Total: 86 creatures vanquished

Notes
Turn   | Place    | Note
--------------------------------------------------------------
     0 | D:1      | OctoMedic, the Human Hunter, began the quest for the Orb.
     0 | D:1      | Reached XP level 1. HP: 16/16 MP: 0/0
    40 | D:1      | Noticed an orc skeleton
    41 | D:1      | Killed an orc skeleton
    43 | D:1      | Noticed a bat zombie
    56 | D:1      | Killed a bat zombie
    56 | D:1      | Reached XP level 2. HP: 17/22 MP: 1/1
    96 | D:1      | Noticed a bat skeleton
    98 | D:1      | Killed a bat skeleton
   215 | D:1      | Noticed an adder skeleton
   218 | D:1      | Killed an adder skeleton
   218 | D:1      | Reached XP level 3. HP: 27/27 MP: 2/2
   300 | D:1      | Noticed a giant newt skeleton
   304 | D:1      | Killed a giant newt skeleton
   336 | D:1      | Reached skill level 5 in Bows
   366 | D:1      | Noticed a hobgoblin skeleton
   367 | D:1      | Noticed an orc skeleton
   367 | D:1      | Noticed an adder skeleton
   372 | D:1      | Killed an adder skeleton
   373 | D:1      | Killed an orc skeleton
   375 | D:1      | Killed a hobgoblin skeleton
   462 | D:1      | Noticed a ball python zombie
   464 | D:1      | Noticed a kobold zombie
   464 | D:1      | Killed a ball python zombie
   466 | D:1      | Killed a kobold zombie
   469 | D:1      | Noticed a bat skeleton
   470 | D:1      | Noticed a goblin skeleton
   473 | D:1      | Killed a goblin skeleton
   474 | D:1      | Killed a bat skeleton
   681 | D:1      | Noticed a rat zombie
   683 | D:1      | Killed a rat zombie
   788 | D:1      | Noticed a hobgoblin zombie
   790 | D:1      | Killed a hobgoblin zombie
   812 | D:1      | Reached skill level 1 in Armour
   859 | D:1      | Reached XP level 4. HP: 33/33 MP: 3/3
  1452 | D:2      | Noticed Terence
  1483 | D:2      | Killed Terence
  2083 | D:3      | Found a sparkling altar of Nemelex Xobeh.
  2150 | D:3      | Reached skill level 1 in Short Blades
  2150 | D:3      | Reached skill level 6 in Bows
  2169 | D:3      | Reached XP level 5. HP: 38/38 MP: 4/4
  2475 | D:3      | Found a blossoming altar of Fedhas.
  2636 | D:3      | Became a worshipper of Fedhas Madash
  3182 | D:4      | Reached XP level 6. HP: 19/44 MP: 5/5
  3205 | D:4      | Noticed taqueso's ghost (average OpMo)
  3220 | D:4      | Slain by taqueso's ghost
